General information
- name: BNet
- type: Ladder 1vs1/FFA
- host: Battle.net
- saver: 7.32
map: LostTemple
- players: 2
- length: 33:22
- speed: Fast
- version: 1.24 W3XP
- replay type: Public
» download(90 KB)
Players
team 1 (winner)
7.32 (
teal | 58 APM | 1947 actions | 33:22)
5 Archmage
2 Blizzard
3 Brilliance Aura
3 Blood Mage
2 Flame Strike
1 Siphon Mana
4 Paladin
2 Holy Light
2 Divine Shield
» actions
| Assign group hotkey | 58 | |
| Basic commands | 95 | |
| Build / train | 127 | |
| Enter build submenu | 76 | |
| Enter hero's abilities submenu | 12 | |
| Give item / drop item | 4 | |
| Right click | 575 | |
| Select / deselect | 442 | |
| Select group hotkey | 235 | |
| Use ability | 323 | |
1947 total
» units
| Peasant | 23 | |
| Goblin Shredder | 1 | |
| Sorceress | 2 | |
| Goblin Zeppelin | 1 | |
| Priest | 2 | |
29 total
» upgrades
| Masonry | 3 | |
| Sorceress Training | 2 | |
| Magic Sentry | 2 | |
| Cloud | 1 | |
| Swords | 3 | |
| Armor | 3 | |
| Priest Training | 2 | |
| Storm Hammers | 1 | |
| Lumber Harvesting | 1 | |
18 total
» buildings
| Altar of Kings | 1 | |
| Farm | 11 | |
| Arcane Vault | 1 | |
| Lumber Mill | 1 | |
| Scout Tower | 95 | |
| Arcane Tower | 3 | |
| Town Hall | 5 | |
| Guard Tower | 31 | |
| Keep | 1 | |
| Castle | 1 | |
| Arcane Sanctum | 1 | |
| Gryphon Aviary | 3 | |
| Blacksmith | 1 | |
| Workshop | 1 | |
156 total
» build order
00:08 Altar of Kings
00:27 Farm
00:30 Farm
00:33 Farm
00:59 Arcane Vault
01:14 Lumber Mill
01:59 Scout Tower
02:11 Farm
03:06 Arcane Tower
03:50 Town Hall
03:57 Scout Tower
03:59 Scout Tower
04:08 Scout Tower
04:14 Scout Tower
04:30 Arcane Tower
04:52 Scout Tower
04:53 Guard Tower
05:07 Keep
05:21 Scout Tower
05:24 Scout Tower
05:26 Guard Tower
05:38 Guard Tower
05:41 Scout Tower
05:50 Scout Tower
05:51 Scout Tower
05:53 Guard Tower
06:09 Scout Tower
06:14 Scout Tower
06:16 Scout Tower
06:18 Guard Tower
06:23 Guard Tower
06:35 Scout Tower
07:12 Guard Tower
07:13 Guard Tower
07:18 Guard Tower
07:21 Scout Tower
07:21 Scout Tower
07:25 Scout Tower
07:25 Scout Tower
07:26 Scout Tower
07:27 Scout Tower
07:28 Castle
07:39 Scout Tower
07:40 Scout Tower
08:00 Arcane Sanctum
08:07 Gryphon Aviary
08:08 Gryphon Aviary
08:17 Guard Tower
08:48 Blacksmith
09:06 Guard Tower
09:15 Scout Tower
09:22 Guard Tower
09:32 Guard Tower
09:34 Guard Tower
09:37 Scout Tower
10:29 Farm
10:34 Farm
10:34 Farm
10:38 Scout Tower
10:38 Scout Tower
10:39 Scout Tower
10:40 Scout Tower
10:40 Scout Tower
10:56 Scout Tower
10:57 Guard Tower
11:20 Guard Tower
11:26 Guard Tower
11:27 Scout Tower
11:48 Scout Tower
11:49 Scout Tower
11:57 Gryphon Aviary
13:41 Guard Tower
14:01 Guard Tower
16:09 Town Hall
16:20 Town Hall
16:22 Scout Tower
16:22 Scout Tower
16:23 Scout Tower
16:24 Scout Tower
16:24 Scout Tower
16:25 Scout Tower
16:26 Scout Tower
16:27 Scout Tower
16:27 Scout Tower
16:28 Scout Tower
16:48 Farm
16:48 Farm
16:49 Farm
17:05 Guard Tower
17:10 Scout Tower
17:14 Scout Tower
18:11 Arcane Tower
18:12 Guard Tower
18:22 Scout Tower
18:23 Scout Tower
22:19 Guard Tower
22:58 Workshop
24:02 Farm
25:12 Scout Tower
25:13 Scout Tower
25:15 Scout Tower
25:17 Scout Tower
25:19 Scout Tower
25:20 Scout Tower
25:22 Scout Tower
25:24 Scout Tower
25:26 Scout Tower
25:29 Scout Tower
25:30 Scout Tower
25:33 Scout Tower
25:35 Scout Tower
25:36 Scout Tower
25:38 Scout Tower
26:06 Guard Tower
26:13 Guard Tower
27:51 Guard Tower
27:53 Scout Tower
28:01 Scout Tower
28:02 Scout Tower
28:03 Scout Tower
28:04 Scout Tower
28:05 Scout Tower
28:07 Scout Tower
28:09 Scout Tower
28:09 Scout Tower
28:10 Scout Tower
28:11 Scout Tower
28:12 Scout Tower
28:19 Town Hall
28:22 Scout Tower
28:23 Scout Tower
28:24 Scout Tower
28:24 Scout Tower
28:26 Scout Tower
28:26 Scout Tower
28:28 Scout Tower
28:30 Scout Tower
28:31 Scout Tower
28:32 Scout Tower
29:12 Guard Tower
29:14 Guard Tower
29:21 Town Hall
29:27 Scout Tower
29:28 Scout Tower
29:34 Scout Tower
29:38 Scout Tower
29:39 Scout Tower
29:42 Scout Tower
29:43 Guard Tower
30:22 Guard Tower
30:37 Guard Tower
31:20 Guard Tower
32:43 Scout Tower
32:45 Scout Tower
32:46 Scout Tower
» items
| Mechanical Critter | 4 | |
| Lesser Clarity Potion | 2 | |
| Scroll of Regeneration | 2 | |
| Scroll of Town Portal | 4 | |
| Potion of Healing | 6 | |
| Ivory Tower | 3 | |
| Staff of Sanctuary | 2 | |
| Orb of Fire | 1 | |
| Potion of Mana | 1 | |
| Boots of Speed | 2 | |
| Periapt of Vitality | 1 | |
| Staff of Teleportation | 1 | |
29 total
team 2 (loser)
manicgremlin (
purple | 32 APM | 1074 actions | 33:09)
5 Death Knight
2 Death Coil
2 Unholy Aura
1 Death Pact
4 Dreadlord
2 Vampiric Aura
2 Sleep
» actions
| Assign group hotkey | 17 | |
| Basic commands | 1 | |
| Build / train | 75 | |
| Enter build submenu | 24 | |
| Enter hero's abilities submenu | 9 | |
| Right click | 385 | |
| Select / deselect | 341 | |
| Select group hotkey | 147 | |
| Use ability | 75 | |
1074 total
» units
| Acolyte | 12 | |
| Ghoul | 6 | |
| Crypt Fiend | 6 | |
| Necromancer | 6 | |
| Goblin Shredder | 1 | |
| Banshee | 2 | |
| Meatwagon | 1 | |
| Abomination | 3 | |
| Obsidian Statue | 3 | |
| Goblin Zeppelin | 2 | |
42 total
» upgrades
| Cannibalize | 1 | |
| Unholy Armor | 2 | |
| Unholy Strength | 1 | |
| Creature Carapace | 1 | |
| Ghoul Frenzy | 1 | |
| Skeletal Longevity | 1 | |
| Necromancer Training | 2 | |
| Skeletal Mastery | 1 | |
| Banshee Training | 1 | |
| Backpack | 1 | |
| Exhume Corpses | 1 | |
| Disease Cloud | 1 | |
| Destroyer Form | 1 | |
| Freezing Breath | 1 | |
16 total
» buildings
| Ziggurat | 8 | |
| Crypt | 1 | |
| Altar of Darkness | 1 | |
| Graveyard | 1 | |
| Halls of the Dead | 1 | |
| Nerubian Tower | 2 | |
| Black Citadel | 1 | |
| Spirit Tower | 2 | |
| Temple of the Damned | 1 | |
| Tomb of Relics | 1 | |
| Slaughterhouse | 1 | |
| Sacrificial Pit | 1 | |
| Boneyard | 1 | |
22 total
» build order
00:16 Ziggurat
00:23 Crypt
00:40 Altar of Darkness
01:19 Graveyard
02:24 Halls of the Dead
03:15 Ziggurat
03:32 Nerubian Tower
05:17 Black Citadel
05:30 Ziggurat
07:11 Spirit Tower
07:27 Temple of the Damned
08:24 Nerubian Tower
08:41 Tomb of Relics
09:37 Slaughterhouse
10:40 Ziggurat
11:18 Sacrificial Pit
11:23 Ziggurat
16:00 Spirit Tower
19:03 Boneyard
19:19 Ziggurat
19:45 Ziggurat
22:35 Ziggurat
Chat log
(27:56 / All) 7.32: woohoo fun stuff
(28:53 / All) 7.32: i just took out a base and killed your hero and a half dozen units
(28:57 / All) 7.32: and i didnt even use an army
(29:01 / All) 7.32: how does that make you feel?
(29:42 / All) manicgremlin: it makes me feel great
(29:45 / All) 7.32: cool
(30:00 / All) 7.32: have you learned anything?
(30:30 / All) 7.32: hmm guess not
(30:34 / All) manicgremlin: don't smoke weed, and expect to be able to coordinate the airlifting op
(30:45 / All) 7.32: oh look the old 'im high' excuse
(31:22 / All) 7.32: leave?
(31:35 / All) 7.32: you arent going to get any better
(31:45 / All) manicgremlin: listen i'm a bouncer, i throw ppl out of a bar that has a 200 person capasity for a living, when i play this game i want to rel
(31:49 / All) 7.32: mm hm
(31:59 / All) 7.32: wait
(32:01 / All) 7.32: im busy
(32:03 / All) 7.32: believing you
(32:04 / All) manicgremlin: not listen to you act smart over a frickin video game
(32:13 / All) 7.32: right, you dont have to listen
(32:16 / All) 7.32: you can just leave :))
(32:20 / All) manicgremlin: you can beleive what you like
(32:26 / All) 7.32: oh i will
(32:35 / All) manicgremlin: great
(32:58 / All) 7.32: LOL
(33:00 / All) 7.32: so mad
(33:05 / All) manicgremlin: thanks for being an ass hole unnessisarily
(33:08 / All) 7.32: leaving in 3
(33:09 / All) 7.32: 2